 Dungeon Crawl Stone Soup version 0.21-a0-24-ga372141 (webtiles) character file.

41 Lexie the Magician (level 3, -1/21 HPs)
             Began as an Octopode Wizard on May 25, 2017.
             Slain by a goblin
             ... wielding a +0 club
              (3 damage)
             ... on level 2 of the Dungeon.
             The game lasted 00:03:01 (2385 turns).

Lexie the Magician (Octopode Wizard)                Turns: 2385, Time: 00:03:02

Health: -1/21      AC:  1    Str:  6    XL:     3   Next: 52%
Magic:  2/8        EV: 13    Int: 21    God:
Gold:   48         SH:  0    Dex: 10    Spells: 0/9 levels left

rFire    . . .     SeeInvis .   j - +0 dagger
rCold    . . .     Gourm    .   (no shield)
rNeg     . . .     Faith    .   a - +0 hat
rPois    .         Spirit   .   (no amulet)
rElec    .         Reflect  .   (no ring)
rCorr    .         Harm     .   (no ring)
MR       .....                  (no ring)
Stlth    +++.......             (no ring)
Regen    0.1/turn               (no ring)
MPRegen  0.2/turn               (no ring)
                                (no ring)
                                (no ring)

@: very slightly contaminated
A: almost no armour, stealthy swim, amphibious, 8 rings, constrict 8, camouflage
1, gelatinous body 1
a: no special abilities


You were on level 2 of the Dungeon.
You were not hungry.

You visited 1 branch of the dungeon, and saw 2 of its levels.

You collected 48 gold pieces.

Inventory:

Hand Weapons
 j - a +0 dagger (weapon)
Armour
 a - a +0 hat (worn)
 h - a +0 buckler
Scrolls
 d - a scroll of enchant armour {unknown}
 e - 3 scrolls of teleportation {unknown}
 g - a scroll of identify {unknown}
 i - a scroll of fog {unknown}
Books
 b - a book of Minor Magic

   Spells                             Type                      Level
   a - Magic Dart                     Conjuration                  1
   b - Blink                          Translocation                2
   c - Call Imp                       Summoning                    2
   d - Slow                           Hexes                        2
   e - Conjure Flame                  Conjuration/Fire             3
   f - Mephitic Cloud                 Conjuration/Poison/Air       3
Comestibles
 c - a bread ration
 f - a meat ration


   Skills:
 - Level 0.2 Fighting
 - Level 2.0 Dodging
 - Level 3.1 Stealth
 + Level 3.8 Spellcasting
 + Level 1.3 Conjurations
   Level 1.0 Summonings
 - Level 1.0 Translocations
 + Level 0.8 Poison Magic


You couldn't memorise any spells.
You knew the following spells:

 Your Spells              Type           Power        Failure   Level  Hunger
a - Magic Dart            Conj           #...         7%          1    None
b - Blink                 Tloc           N/A          12%         2    ##.....
c - Conjure Flame         Conj/Fire      #.......     28%         3    ###....
d - Mephitic Cloud        Conj/Pois/Air  #.......     26%         3    ###....


Dungeon Overview and Level Annotations

Branches:
Dungeon (2/15)

Altars:
Okawaru

Annotations:
D:2 Terence


Innate Abilities, Weirdness & Mutations

You cannot wear most types of armour.
You are very stealthy in the water. (Stealth+)
You are amphibious.
You can wear up to eight rings at the same time.
You can use your tentacles to constrict eight enemies at once.
Your skin changes colour to match your surroundings (Stealth+).
Your rubbery body absorbs attacks. (AC +1, EV +1)


Message History

Press: ? - help, Shift-Dir - straight line, f/p - worm
Aim: a worm (moderately wounded)
The magic dart hits the worm.
The worm is heavily wounded.
The goblin hits you with a club. The worm bites you!
* * * LOW HITPOINT WARNING * * *
Found two stone staircases leading down.
An adder comes into view.
Casting: Magic Dart
Confirm with . or Enter, or press ? or * to list all spells.
You don't have enough magic to cast that spell.
Casting: Magic Dart
Confirm with . or Enter, or press ? or * to list all spells.
Aiming: Magic Dart
Press: ? - help, Shift-Dir - straight line, f - goblin
Aim: a goblin, wielding a club The magic dart hits the goblin.
The goblin is moderately wounded.
The goblin hits you with a club.
You die...

.......................#.....#
.....................#####.###
..>..................#.....###
..........##.........#.###....
..........##=........# #...##.
..........##.......).#.#....#.
................#.##......_...
..#..####..##...#..####.#....#
#...>.......g@..# ## #.##...#
##.####...#####.....# #....###
... ................# ####....
.. ............. .#.# #.###
###........... #.# ##.#
#..........†##.# #..# #....
.........# #.## ......)..# #w#
.....)...#####.#


You could see a goblin.

Vanquished Creatures
  2 dart slugs (D:1)
  4 leopard geckos
  3 bats
  2 giant cockroaches
  A goblin (D:1)
  5 hobgoblins
  A quokka (D:2)
  A ball python (D:1)
  A frilled lizard (D:1)
  4 kobolds
  7 rats
31 creatures vanquished.

Notes
Turn   | Place    | Note
-------+----------+-------------------------------------------
     0 | D:1      | Lexie the Octopode Wizard began the quest for the Orb.
     0 | D:1      | Reached XP level 1. HP: 11/11 MP: 4/4
   289 | D:1      | Reached XP level 2. HP: 16/17 MP: 0/6
  1456 | D:1      | Reached XP level 3. HP: 21/21 MP: 1/8
  1794 | D:1      | Learned a level 2 spell: Blink
  1798 | D:1      | Learned a level 3 spell: Conjure Flame
  1802 | D:1      | Learned a level 3 spell: Mephitic Cloud
  1870 | D:2      | Noticed Terence
  2011 | D:2      | Found an iron altar of Okawaru.
  2374 | D:2      | HP: 1/21 [worm (9)]
  2385 | D:2      | Slain by a goblin

Vault maps used:
D:1:      tarquinn_simple_flora_water_f, hex_large, chequers_big_river,
          minmay_pentomino_p4
D:2:      nicolae_overflow_crystal_walls, first_bread, minivault_19,
          minmay_misc_feat_tower, nicolae_ru_great_annihilating_truth,
          uniq_terence

Skill      XL: |  1  2 |
---------------+-------+-----
Stealth        | 3 |  3.1
Fighting       | |  0.2
Dodging        | |  2.0
Spellcasting   | |  3.8
Conjurations   | |  1.3
Summonings     | |  1.0
Translocations | |  1.0
Poison Magic   | |  0.8

Action                   || total
-------------------------++-------
Melee: Unarmed           ||    18
       Constrict         ||     7
       Tentacles         ||     5
       Dagger            ||     8
 Cast: Magic Dart        ||    87
       Mephitic Cloud    ||     1
  Eat: Chunk             ||     4
Armor: Skin              ||     1
Dodge: Dodged            ||    27
